 Dungeon Crawl Stone Soup version 0.20.1-1-g8b1a95d (webtiles) character file.

36526 McKennaii the Eclecticist (level 13, -8/66 HPs)
             Began as a Deep Elf Summoner on July 30, 2017.
             Was a High Priest of Sif Muna.
             Mangled by Rupert
             ... wielding a +0 vampiric battleaxe
              (31 damage)
             ... on level 14 of the Dungeon.
             The game lasted 02:39:31 (27174 turns).

McKennaii the Eclecticist (Deep Elf Summoner)      Turns: 27174, Time: 02:39:31

Health: -8/66      AC: 11    Str: 12    XL:     13   Next: 53%
Magic:  45/45      EV: 14    Int: 27    God:    Sif Muna [*****.]
Gold:   1243       SH:  0    Dex: 16    Spells: 12/47 levels left

rFire    . . .     SeeInvis +   i - staff of summoning
rCold    . . .     Gourm    .   d - +0 buckler
rNeg     . . .     Faith    .   J - +0 ring mail "Zagonih" {rPois rF+ rCorr Str+6}
rPois    +         Spirit   .   K - +0 helmet {SInv}
rElec    +         Reflect  .   k - +0 cloak
rCorr    +         Harm     .   y - +0 pair of gloves
MR       ++...                  Z - +0 pair of boots
Stlth    +.........             X - amulet of magic regeneration
Regen    0.3/turn               m - ring of Foolhardiness {rElec rF- MR+ SInv}
MPRegen  0.5/turn               x - ring of the Octopus King {MP+9 AC+1 EV+1 Str+1 Int+1 Dex+1}

@: confused, very slightly contaminated, invisible
A: no striking features
a: Divine Energy, Channel Magic, Forget Spell, Renounce Religion


You were on level 14 of the Dungeon.
You worshipped Sif Muna.
Sif Muna was extremely pleased with you.
You were hungry.

You visited 2 branches of the dungeon, and saw 20 of its levels.
You also visited: Labyrinth and Sewer.

You collected 1243 gold pieces.

Inventory:

Hand Weapons
 C - a +1 longbow of flaming
Armour
 b - the +2 shield of Resistance {rF+ rC+ MR+}
   (You found it on level 11 of the Dungeon)

   It protects you from fire.
   It protects you from cold.
   It affects your resistance to hostile enchantments.
 d - a +0 buckler (worn)
 k - a +0 cloak (worn)
 y - a +0 pair of gloves (worn)
 J - the +0 ring mail "Zagonih" (worn) {rPois rF+ rCorr Str+6}
   (You found it on level 5 of the Lair of Beasts)

   It affects your strength (+6).
   It protects you from fire.
   It protects you from poison.
   It protects you from acid and corrosion.
 K - a +0 helmet of see invisible (worn)
 Z - a +0 pair of boots (worn)
Magical Staves
 i - an uncursed staff of summoning (weapon)
Jewellery
 a - an uncursed ring of protection from cold
 m - the ring of Foolhardiness (left hand) {rElec rF- MR+ SInv}
   (You acquired it on level 11 of the Dungeon)

   [ring of protection from magic]

   It makes you vulnerable to fire.
   It insulates you from electricity.
   It affects your resistance to hostile enchantments.
   It lets you see invisible.
 x - a ring of the Octopus King (right hand) {MP+9 AC+1 EV+1 Str+1 Int+1 Dex+1}
   (You found it in a labyrinth)

   [ring of magical power]

   It affects your AC (+1).
   It affects your evasion (+1).
   It affects your strength (+1).
   It affects your intelligence (+1).
   It affects your dexterity (+1).
   It affects your magic capacity (+9).
 O - an uncursed ring of protection from fire
 X - an amulet of magic regeneration (around neck)
Scrolls
 g - 9 scrolls of identify
 o - 3 scrolls of remove curse
 p - 5 scrolls of enchant weapon
 q - a scroll of fog
 w - 8 scrolls of magic mapping
 A - 6 scrolls of enchant armour
 B - 2 scrolls of fear
 E - 5 scrolls of teleportation
 F - 5 scrolls of recharging
 H - 3 scrolls of blinking
 N - 2 scrolls of amnesia
 Q - 2 scrolls of acquirement
Potions
 e - a potion of cancellation
 f - a potion of agility
 j - 6 potions of curing
 l - 4 potions of might
 n - 6 potions of flight
 s - 6 potions of magic
 u - a potion of ambrosia
 D - 4 potions of brilliance
 G - 6 potions of haste
 R - 2 potions of mutation
 T - 2 potions of invisibility
Books
 z - Sif Muna's Disquisition on Doomed Confrontation
   (Sif Muna gifted it to you on level 12 of the Dungeon)

   Spells                             Type                      Level
   a - Sting                          Conjuration/Poison           1
   b - Sticky Flame                   Conjuration/Fire             4
   c - Iskenderun's Battlesphere      Conjuration/Charms           5
   d - Bolt of Cold                   Conjuration/Ice              6
   e - Death Channel                  Necromancy                   6
   f - Borgnjor's Revivification      Necromancy                   8
Comestibles
 c - 12 bread rations
 h - 18 fruits
 t - 8 meat rations
 v - 5 royal jellies


   Skills:
 + Level 2.0 Fighting
 + Level 1.4 Staves
 + Level 3.2 Armour
 + Level 5.0 Dodging
 + Level 4.8 Stealth
 * Level 2.6 Shields
 + Level 17.9 Spellcasting
 + Level 1.5 Conjurations
 + Level 2.6 Hexes
 + Level 1.3 Charms
 + Level 14.8 Summonings
 + Level 5.7 Ice Magic
 + Level 8.0 Invocations


You had 12 spell levels left.
You knew the following spells:

 Your Spells              Type           Power        Failure   Level  Hunger
a - Call Canine Familiar  Summ           ########     1%          3    None
b - Call Imp              Summ           ########     0%          2    None
c - Shadow Creatures      Summ           N/A          1%          6    ###....
d - Ozocubu's Armour      Chrm/Ice       #####...     3%          3    None
e - Summon Ice Beast      Ice/Summ       #######.     1%          4    None
f - Corona                Hex            #####..      1%          1    None
g - Summon Hydra          Summ           ########..   9%          7    #####..
h - Throw Icicle          Conj/Ice       #####...     11%         4    None
i - Aura of Abjuration    Summ           ########..   1%          5    None


Dungeon Overview and Level Annotations

Branches:
Dungeon (14/15)            Temple (0/1) D:6            Lair (6/6) D:11
  Swamp (0/4) Lair:2        Snake (0/4) Lair:2        Slime (0/5) Lair:5
    Orc (0/2) D:10
 Vaults: D:13-14

Altars:
Ashenzari
Dithmenos
Elyvilon
Kikubaaqudgha
Nemelex Xobeh
Ru
Sif Muna
Uskayaw
The Shining One

Shops:
D:4 (

Annotations:
D:11 1 runed door
D:14 Rupert


Message History

You climb downwards.
Rupert the Wild comes into view.
He is wielding a vampiric battleaxe.
Rupert shouts!
Rupert yells loudly at you.
You are confused.
There is a stone staircase leading up here.
Rupert roars madly and goes into a rage!
Rupert goes berserk!
In your confused state, you trip and fall back down the stairs.
You are feeling hungry.
Rupert hits you with a vampiric battleaxe!!
Unknown command.
You're too confused to cast spells.
There are no items here.
You fade into invisibility!
Rupert hits you with a vampiric battleaxe!!
You are very lightly contaminated with residual magic.
Okay, then.
Rupert hits you with a vampiric battleaxe!!
You die...

.# #.# .§§88§≈
.####.##.≈§≈§≈≈≈
.##.....#§≈≈≈≈≈
# .##.#.##...§..
.#
....)...#.#.#.#
# #.#
.c..(..#H#.#
.#.#..#
<##...(D)..##
#.#.#.#####
#...(..l....#
#.#........
#.#.(.#.(...#
#.@@.......
#.##.###.#..#
#..........
#.##)###.#>.#
#..##.#####
#.##.)......#
#..# .#
#.#####.###.#
#..# # #.# #$#
.# #..# #.# #.#
#... #.# #.#
#..# #.# #.#


You could see Rupert (berserk).

Vanquished Creatures
  2 two-headed ogres
  An unseen horror (D:11)
  A harpy (Lair:6)
  A black mamba (Lair:5)
  A basilisk (Lair:4)
  A hungry ghost (Lab)
  A hell hound (D:13)
  A porcupine (D:11)
  2 ogres
  2 wolves (Lair:2)
  A big kobold (D:11)
  A killer bee (D:10)
  An electric eel (D:11)
  A jelly (D:10)
  2 hounds
  An orc wizard (D:7)
  A worker ant (D:14)
  A worker ant zombie (D:3)
  An adder (D:4)
  A shadow imp (D:13)
  2 orcs
  A bat (D:1)
  A giant cockroach (D:3)
  2 kobolds (D:11)
  A rat (D:1)
31 creatures vanquished.

Vanquished Creatures (collateral kills)
  Nessos (D:13)
  Azrael (D:13)
  A minotaur (Lab)
  Josephine (D:12)
  The ghost of McKennaii the Destroyer, a journeyman DrCj of Vehumet (D:11)
  2 fire dragons (D:11)
  Erolcha (D:9)
  2 ice dragons (D:11)
  2 hydras
  The ghost of cba the Unseen, a journeyman SpFi of Dithmenos (D:13)
  A merfolk avatar (Lair:6)
  Erica (D:9)
  3 two-headed ogres
  3 death yaks
  The ghost of eowindel the Cleaver, a novice GrFi of Makhleb (D:8)
  A sea snake (Lair:6)
  4 ugly things
  2 manticores
  17 elephants
  A centaur skeleton (D:14)
  8 black mambas
  A gargoyle (D:13)
  18 spiny frogs
  3 molten gargoyles (D:14)
  10 komodo dragons
  2 rime drakes
  3 trolls
  2 hornets
  5 polar bears
  2 wind drakes (Lair:6)
  12 blink frogs
  6 hippogriffs
  A shadow (D:14)
  A vampire (D:12)
  6 wraiths (D:12)
  A spriggan (D:7)
  Grum (D:9)
  5 wyverns
  40 yaks
  2 vampire mosquitoes (D:13)
  3 hungry ghosts
  4 nagas (Lair:2)
  18 water moccasins
  5 hell hounds (D:13)
  10 porcupines
  Purgy (Sewer)
  11 orc warriors
  6 ice beasts
  3 black bears
  3 necrophages
  4 phantoms
  5 sky beasts
  20 wolves
  5 ogres
  9 centaurs
  18 crocodiles
  The ghost of McKennaii the Caller, an amateur DESu (D:4)
  16 bullfrogs
  2 big kobolds
  An earth elemental (Lab)
  2 wyvern skeletons
  2 scorpions
  A water moccasin skeleton (D:10)
  8 killer bees
  10 wights
  4 electric eels
  5 howler monkeys
  4 crimson imps
  A centaur zombie (D:6)
  2 quasits
  6 hounds
  Crazy Yiuf (D:5)
  8 orc priests
  2 bullfrog skeletons
  4 jellies
  Terence (D:2)
  2 iguanas
  13 orc wizards
  9 worker ants
  A hound skeleton (D:6)
  A worker ant zombie (D:8)
  10 gnolls
  13 adders
  4 river rats (D:5)
  4 oozes
  2 adder zombies
  2 worms
  6 leopard geckos
  70 orcs
  11 giant cockroaches
  10 goblins
  10 hobgoblins
  11 jackals
  22 kobolds
  7 quokkas
  5 ball pythons
  5 bats
  7 frilled lizards
  2 jackal skeletons
  A jackal zombie (D:5)
  2 leopard gecko skeletons
  8 rats
  4 fungi
  4 plants
628 creatures vanquished.

Vanquished Creatures (others)
  The ghost of vlindergert the Cleaver, a novice MiFi of the Shining One (D:9)
  A troll (D:9)
  A porcupine (Lair:5)
  A shadow imp (D:12)
  3 bushes (Lair:5)
  23 fungi
  23 plants
53 creatures vanquished.

Grand Total: 712 creatures vanquished

Notes
Turn   | Place    | Note
-------+----------+-------------------------------------------
     0 | D:1      | McKennaii the Deep Elf Summoner began the quest for the Orb.
     0 | D:1      | Reached XP level 1. HP: 10/10 MP: 6/6
   261 | D:1      | Reached XP level 2. HP: 5/15 MP: 6/8
   268 | D:1      | Learned a level 2 spell: Call Imp
   916 | D:2      | Reached skill level 5 in Summonings
   934 | D:2      | Noticed Terence
   974 | D:2      | Killed Terence
   974 | D:2      | Reached XP level 3. HP: 19/19 MP: 0/10
  1104 | D:2      | Found a faded altar of an unknown god.
  1644 | D:2      | Reached skill level 4 in Spellcasting
  1742 | D:3      | Found a shattered altar of Ashenzari.
  2063 | D:3      | Found a hide-covered altar of Uskayaw.
  2413 | D:3      | Reached XP level 4. HP: 24/24 MP: 6/12
  2511 | D:3      | Learned a level 3 spell: Call Canine Familiar
  2515 | D:3      | Learned a level 3 spell: Summon Guardian Golem
  3395 | D:3      | Noticed an ogre
  3408 | D:3      | Killed an ogre
  3408 | D:3      | Reached XP level 5. HP: 28/28 MP: 14/14
  3565 | D:3      | Reached skill level 5 in Spellcasting
  3614 | D:4      | Found Tyfoij's Weapon Emporium.
  3657 | D:4      | Found a deep blue altar of Sif Muna.
  3663 | D:4      | Became a worshipper of Sif Muna the Loreminder
  3880 | D:4      | Noticed McKennaii's ghost (amateur DESu)
  3983 | D:4      | Noticed a phantom
  4106 | D:4      | Noticed a phantom
  4113 | D:4      | Found a sparkling altar of Nemelex Xobeh.
  4282 | D:4      | Found an ancient bone altar of Kikubaaqudgha.
  4432 | D:4      | Killed McKennaii's ghost
  4891 | D:4      | Reached XP level 6. HP: 20/32 MP: 16/16
  5287 | D:4      | Learned a level 3 spell: Ozocubu's Armour
  5301 | D:4      | Learned a level 4 spell: Summon Ice Beast
  5467 | D:4      | Identified Sif Muna's Papyrus of Enchantment
  5475 | D:4      | Learned a level 1 spell: Corona
  5485 | D:4      | Reached skill level 6 in Spellcasting
  5497 | D:5      | Entered Level 5 of the Dungeon
  5554 | D:5      | Found a runed door.
  5638 | D:5      | Lost strength.
  5766 | D:5      | Found a shadowy altar of Dithmenos.
  5912 | D:5      | Reached * piety under Sif Muna
  5912 | D:5      | Reached XP level 7. HP: 36/36 MP: 19/19
  6043 | D:5      | Found a glowing drain.
  6053 | Sewer    | Entered a sewer
  6099 | Sewer    | Noticed Purgy
  6114 | Sewer    | Killed Purgy
  6114 | Sewer    | Reached skill level 7 in Spellcasting
  6495 | D:5      | Noticed Crazy Yiuf
  6515 | D:5      | Killed Crazy Yiuf
  6763 | D:6      | Noticed a yak
  6766 | D:6      | Noticed a yak
  6767 | D:6      | Noticed a yak
  6775 | D:6      | Noticed a yak
  6776 | D:6      | Noticed a yak
  6777 | D:6      | Noticed a yak
  6780 | D:6      | Killed a yak
  6809 | D:6      | Killed a yak
  6809 | D:6      | Reached skill level 8 in Spellcasting
  6830 | D:6      | Killed a yak
  6839 | D:6      | Killed a yak
  6846 | D:6      | Killed a yak
  6846 | D:6      | Reached XP level 8. HP: 32/41 MP: 6/22
  6849 | D:6      | Reached skill level 9 in Spellcasting
  6944 | D:6      | Found a staircase to the Ecumenical Temple.
  7056 | D:6      | Reached ** piety under Sif Muna
  7056 | D:6      | Reached skill level 1 in Fighting
  7242 | D:6      | Found a glowing golden altar of the Shining One.
  8093 | D:7      | Found a shadowy altar of Dithmenos.
  8144 | D:7      | Reached skill level 10 in Spellcasting
  8355 | D:7      | Reached skill level 1 in Staves
  8404 | D:7      | Found a sacrificial altar of Ru.
  8651 | D:7      | Reached skill level 1 in Ice Magic
  9008 | D:8      | Reached *** piety under Sif Muna
  9095 | D:8      | Got a pitted ring mail
  9106 | D:8      | Identified the +1 ring mail of Proximity {rN++ Dex-2 Slay+2 SInv} (You found it on level 8 of the Dungeon)
  9124 | D:8      | Noticed eowindel's ghost (novice GrFi)
  9151 | D:8      | Killed eowindel's ghost
  9151 | D:8      | Reached XP level 9. HP: 46/46 MP: 12/25
  9369 | D:8      | Learned a level 6 spell: Invisibility
  9778 | D:8      | Noticed a two-headed ogre
  9788 | D:8      | Killed a two-headed ogre
  9788 | D:8      | Reached skill level 11 in Spellcasting
  9969 | D:9      | Noticed vlindergert's ghost (novice MiFi)
 10004 | D:9      | Killed vlindergert's ghost
 10004 | D:9      | Reached skill level 10 in Summonings
 10352 | D:9      | Reached **** piety under Sif Muna
 10383 | D:9      | Noticed a troll
 10397 | D:9      | Killed a troll
 10397 | D:9      | Reached skill level 1 in Hexes
 10397 | D:9      | Reached skill level 1 in Charms
 10399 | D:9      | Noticed Erolcha
 10430 | D:9      | Killed Erolcha
 10430 | D:9      | Reached skill level 12 in Spellcasting
 10545 | D:9      | Noticed Erica
 10556 | D:9      | Killed Erica
 10556 | D:9      | Reached XP level 10. HP: 33/51 MP: 21/28
 10592 | D:9      | Noticed Grum
 10600 | D:9      | Killed Grum
 10839 | D:9      | Learned a level 4 spell: Throw Icicle
 11072 | D:10     | Entered Level 10 of the Dungeon
 11204 | D:10     | Found a staircase to the Orcish Mines.
 11320 | D:10     | Reached skill level 1 in Invocations
 11553 | D:10     | Noticed a purple ugly thing
 11562 | D:10     | Killed a purple ugly thing
 11659 | D:10     | Reached skill level 13 in Spellcasting
 12106 | D:11     | Noticed McKennaii's ghost (journeyman DrCj)
 12310 | D:11     | Reached ***** piety under Sif Muna
 12446 | D:11     | Killed McKennaii's ghost
 12446 | D:11     | Identified Uhoejija's Incunabulum of Creative Unholy Secrets (Sif Muna gifted it to you on level 11 of the Dungeon)
 12446 | D:11     | Received a gift from Sif Muna
 12685 | D:11     | Learned a level 6 spell: Shadow Creatures
 12691 | D:11     | Learned a level 5 spell: Aura of Abjuration
 12756 | D:11     | Noticed a two-headed ogre
 12775 | D:11     | Killed a two-headed ogre
 12905 | D:11     | Identified 4 scrolls of acquirement
 12937 | D:11     | Got a warped silver ring
 12939 | D:11     | Identified the ring of Foolhardiness {rElec rF- MR+ SInv} (You acquired it on level 11 of the Dungeon)
 13412 | D:11     | Noticed a two-headed ogre
 13419 | D:11     | Killed a two-headed ogre
 13481 | D:11     | Reached skill level 14 in Spellcasting
 13702 | D:11     | Noticed a fire dragon
 13704 | D:11     | Noticed a fire dragon
 13705 | D:11     | Noticed an ice dragon
 13705 | D:11     | Found a runed door.
 13705 | D:11     | Found a runed door.
 13705 | D:11     | Noticed an ice dragon
 13904 | D:11     | Noticed an unseen horror
 13912 | D:11     | Killed an unseen horror
 13912 | D:11     | Reached XP level 11. HP: 51/56 MP: 5/31
 14077 | D:11     | Reached skill level 1 in Armour
 14149 | D:11     | Found a staircase to the Lair.
 14209 | Lair:1   | Entered Level 1 of the Lair of Beasts
 14349 | Lair:1   | Reached skill level 1 in Conjurations
 15617 | Lair:2   | Received a gift from Sif Muna
 15685 | Lair:2   | Learned a level 7 spell: Summon Hydra
 15697 | Lair:2   | Found a staircase to the Snake Pit.
 15725 | Lair:2   | Reached skill level 5 in Invocations
 15817 | Lair:2   | Found a white marble altar of Elyvilon.
 16262 | Lair:2   | Found a staircase to the Swamp.
 16348 | Lair:2   | Reached skill level 15 in Spellcasting
 17612 | Lair:3   | Noticed a catoblepas
 18322 | Lair:4   | Reached XP level 12. HP: 48/62 MP: 29/33
 18445 | Lair:4   | Reached skill level 5 in Dodging
 18488 | Lair:4   | Identified Sif Muna's Compendium of Captivating Cold
 18685 | Lair:4   | Noticed a five-headed hydra
 18692 | Lair:4   | Killed a five-headed hydra
 19014 | Lair:5   | Noticed a death yak
 19014 | Lair:5   | Noticed a death yak
 19014 | Lair:5   | Noticed a death yak
 19031 | Lair:4   | Killed a death yak
 19071 | Lair:5   | Found a staircase to the Slime Pits.
 19098 | Lair:5   | Reached skill level 16 in Spellcasting
 19161 | Lair:5   | Got a steaming ring mail
 19172 | Lair:5   | Identified the cursed +0 ring mail "Zagonih" {rPois rF+ rCorr Str+6} (You found it on level 5 of the Lair of Beasts)
 19464 | Lair:5   | Reached skill level 5 in Ice Magic
 19888 | Lair:5   | Killed a death yak
 20213 | Lair:5   | Killed a death yak
 21111 | Lair:5   | Identified the +5 ring mail of Fajuobri {rN+} (You found it on level 5 of the Lair of Beasts)
 21123 | Lair:6   | Entered Level 6 of the Lair of Beasts
 21123 | Lair:6   | Found a labyrinth entrance.
 21130 | Lair:6   | Identified Sif Muna's Volume of Shifting Venom (Sif Muna gifted it to you on level 6 of the Lair of Beasts)
 21130 | Lair:6   | Received a gift from Sif Muna
 21191 | Lab      | Entered a labyrinth
 21690 | Lab      | Noticed a minotaur
 21734 | Lab      | Killed a minotaur
 21753 | Lab      | Got a ring of the Octopus King
 21756 | Lab      | Identified a ring of the Octopus King {MP+9 AC+1 EV+1 Str+1 Int+1 Dex+1} (You found it in a labyrinth)
 22655 | Lair:6   | Noticed a merfolk avatar
 22680 | Lair:6   | Reached skill level 17 in Spellcasting
 22979 | Lair:6   | Noticed a seven-headed hydra
 22987 | Lair:6   | Killed a seven-headed hydra
 23100 | Lair:6   | Reached XP level 13. HP: 21/66 MP: 30/36
 23411 | Lair:6   | Got a crude copper ring
 23441 | Lair:6   | Identified the ring of Birdsong {rPois rN+ Int+3 Dex-5 Stlth-} (You found it on level 6 of the Lair of Beasts)
 24122 | D:11     | Killed a fire dragon
 24124 | D:11     | Killed a fire dragon
 24275 | D:12     | Identified Sif Muna's Disquisition on Doomed Confrontation (Sif Muna gifted it to you on level 12 of the Dungeon)
 24275 | D:12     | Received a gift from Sif Muna
 24831 | D:12     | Noticed Josephine
 24850 | D:12     | Killed Josephine
 24850 | D:12     | Reached skill level 1 in Shields
 25534 | D:13     | Noticed Nessos
 25562 | D:13     | Killed Nessos
 25861 | D:13     | Noticed cba's ghost (journeyman SpFi)
 25868 | D:13     | Noticed Azrael
 25882 | D:13     | Killed cba's ghost
 25913 | D:13     | Killed Azrael
 26377 | D:13     | HP: 2/66 [manticore (16)]
 27170 | D:14     | Noticed Rupert
 27174 | D:14     | Mangled by Rupert

Skill      XL: |  1  2  3  4  5  6  7  8  9 10 11 12 13 |
---------------+----------------------------------------+-----
Summonings     | 5 6 7 9 10 11 13 14 | 14.8
Spellcasting   | 4 5 6 8 10 12 14 15 17 | 17.9
Stealth        | 3 4 |  4.8
Dodging        | 3 4 5 |  5.0
Fighting       | 1 2 |  2.0
Staves         | 1 |  1.4
Ice Magic      | 1 2 3 4 5 |  5.7
Hexes          | 2 |  2.6
Charms         | 1 |  1.3
Invocations    | 3 5 7 8 |  8.0
Armour         | 2 3 |  3.2
Conjurations   | 1 |  1.5
Shields        | 2 |  2.6

Action                   |  1- 3 |  4- 6 |  7- 9 | 10-12 | 13-15 || total
-------------------------+-------+-------+-------+-------+-------++-------
Melee: Unarmed           |    62 |    56 |       |       |       ||   118
       Staff             |       |     4 |    48 |   124 |    58 ||   234
 Cast: Summon Small Mamm |    15 |       |       |       |       ||    15
       Call Imp          |    38 |    81 |    91 |   185 |     7 ||   402
       Call Canine Famil |       |     7 |    24 |    45 |     5 ||    81
       Summon Guardian G |       |     2 |     4 |     3 |       ||     9
       Corona            |       |     2 |     3 |     2 |     1 ||     8
       Summon Ice Beast  |       |       |     7 |   151 |    21 ||   179
       Ozocubu's Armour  |       |       |     2 |       |       ||     2
       Throw Icicle      |       |       |       |    39 |    13 ||    52
       Shadow Creatures  |       |       |       |    83 |    56 ||   139
       Summon Hydra      |       |       |       |     8 |    40 ||    48
Invok: Forget Spell      |       |       |       |     1 |       ||     1
       Divine Energy     |       |       |       |     1 |     2 ||     3
       Stop Divine Energ |       |       |       |     1 |     2 ||     3
       Channel Magic     |       |       |       |     1 |       ||     1
  Use: Scroll            |     2 |     2 |     5 |    24 |    11 ||    44
       Potion            |       |     5 |     1 |     6 |     4 ||    16
 Stab: Distracted        |       |     2 |     2 |     2 |     1 ||     7
  Eat: Chunk             |     5 |    12 |    14 |    40 |    13 ||    84
       Bread ration      |       |       |       |     1 |     1 ||     2
       Fruit             |       |       |       |     1 |       ||     1
       Royal jelly       |       |       |       |     2 |       ||     2
       Meat ration       |       |       |       |     1 |     2 ||     3
Armor: Robe              |    19 |     8 |    37 |     9 |       ||    73
       Skin              |       |       |     1 |       |       ||     1
       Troll leather arm |       |       |       |    31 |       ||    31
       Ring mail         |       |       |       |    27 |    40 ||    67
Dodge: Dodged            |    83 |    76 |    89 |   175 |    75 ||   498
Block: Buckler           |       |       |       |       |    15 ||    15
